Map: [ESL] Tropical Sacrifice

Players

Gerald

  • Race: Protoss Protoss
  • Spawn Location: 7:00

Bunny - Winner!

  • Race: Terran Terran
  • Spawn Location: 1:00

Event: DreamHack SC2 Masters 2022 Valencia

VOD

Have the link to the VOD?

Description

Time

  • Played on: July 1, 2022, 10:32 a.m.
  • Length: 7:38

All games in this series

Show
View Real Time Build Order
Export as new Build Order

Gerald Protoss 

Build Orders: 1 Gate Expand, Phoenix Opening 

Get SALT Encoding   

  12  0:00  Probe  
  13  0:12  Probe  
  14  0:18  Pylon  
  14  0:24  Probe (Chrono Boost)  
  15  0:36  Probe (Chrono Boost)  
  15  0:39  Gateway  
  16  0:45  Probe (Chrono Boost)  
  16  0:49  Assimilator  
  17  0:53  Probe  
  18  1:05  Probe  
  19  1:17  Probe  
  20  1:26  Nexus  
  20  1:30  Probe  
  21  1:39  Cybernetics Core  
  21  1:44  Probe  
  22  1:49  Assimilator  
  22  1:56  Probe  
  23  2:01  Pylon  
  23  2:16  Adept (Chrono Boost)  
  23  2:19  Probe  
  26  2:31  Probe  
  27  2:39  Adept (Chrono Boost)  
  27  2:42  Warp Gate  
  27  2:43  Probe  
  30  2:48  Stargate  
  30  2:53  Probe  
  30  2:55  Probe  
  32  3:03  Adept (Chrono Boost)  
  32  3:05  Probe  
  35  3:08  Probe  
  36  3:17  Probe  
  37  3:22  Probe  
  38  3:29  Probe  
  38  3:30  Phoenix (Chrono Boost)  
  41  3:34  Probe  
  41  3:37  Twilight Council  
  42  3:41  Probe  
  42  3:46  Probe  
  43  3:49  Phoenix (Chrono Boost)  
  43  3:53  Probe  
  46  3:57  Pylon  
  46  4:03  Nexus  
  46  4:13  Pylon  
  46  4:15  Charge, Probe  
  46  4:16  Phoenix (Chrono Boost)  
  47  4:20  Probe  
  50  4:25  Gateway  
  50  4:30  Probe  
  51  4:32  Probe  
  51  4:37  Phoenix (Chrono Boost)  
  54  4:42  Probe  
  55  4:46  Probe  
  56  4:53  Pylon  
  56  4:54  Gateway  
  56  4:56  Gateway  
  56  4:57  Probe  
  56  4:59  Phoenix (Chrono Boost)  
  57  5:03  Probe  
  57  5:04  Pylon  
  60  5:09  Probe  
  61  5:16  Probe (Chrono Boost)  
  61  5:17  Phoenix (Chrono Boost)  
  61  5:18  Probe (Chrono Boost), Zealot  
  67  5:24  Forge  
  67  5:25  Probe (Chrono Boost)  
  69  5:30  Probe (Chrono Boost)  
  69  5:33  Probe (Chrono Boost)  
  69  5:34  Phoenix (Chrono Boost)  
  72  5:36  Gateway  
  72  5:40  Probe  
  72  5:42  Probe x2  
  71  5:52  Probe  
  71  5:54  Probe x2  
  74  6:02  Phoenix (Chrono Boost)  
  74  6:04  Zealot x4  
  72  6:06  Probe x2  
  72  6:09  Gateway  
  81  6:14  Gateway  
  81  6:18  Pylon, Gateway x2  
  80  6:36  Zealot x5  
  90  6:40  Shield Battery  
  90  6:41  Nexus  
  90  6:43  Gateway  
  90  6:46  Phoenix  
  88  6:56  Zealot x3  
  88  6:57  Zealot x2  
  96  7:04  Probe  
  96  7:05  Zealot  
  96  7:06  Probe  
  88  7:15  Probe  
  88  7:17  Zealot x6  
  88  7:19  Probe  
  64  7:32  Zealot x2  
Show
View Real Time Build Order
Export as new Build Order

Bunny Terran - Winner!

Build Orders: Reaper Expand 

Get SALT Encoding   

  12  0:00  SCV  
  13  0:12  SCV  
  14  0:17  Supply Depot  
  14  0:24  SCV  
  15  0:39  SCV  
  15  0:40  Barracks  
  16  0:44  Refinery  
  16  0:51  SCV  
  17  1:03  SCV  
  18  1:15  SCV  
  19  1:26  Reaper  
  19  1:27  Orbital Command  
  20  1:43  Command Center  
  20  1:49  Supply Depot  
  20  1:53  SCV  
  21  1:58  Marine  
  22  2:05  SCV  
  23  2:09  Factory  
  23  2:14  Refinery  
  23  2:17  SCV  
  24  2:23  Bunker  
  24  2:25  Barracks Reactor  
  25  2:30  SCV  
  25  2:42  SCV  
  26  2:53  Hellion, Starport  
  26  2:54  Orbital Command  
  26  2:56  SCV  
  29  3:02  Marine  
  29  3:04  Marine  
  31  3:08  SCV  
  32  3:14  Widow Mine  
  34  3:20  SCV x2  
  35  3:27  Marine  
  35  3:28  Marine  
  35  3:29  Medivac  
  35  3:32  SCV, Supply Depot  
  40  3:35  Widow Mine  
  40  3:37  SCV  
  43  3:46  Marine  
  43  3:47  Marine  
  45  3:51  SCV  
  45  3:52  Barracks  
  45  3:53  SCV  
  47  3:58  Factory Tech Lab  
  47  4:01  Starport Tech Lab  
  47  4:03  SCV  
  47  4:06  SCV, Marine x2  
  51  4:10  Engineering Bay  
  51  4:11  Supply Depot  
  51  4:15  SCV  
  52  4:18  SCV  
  53  4:24  Barracks  
  53  4:26  Marine  
  54  4:32  Raven, Marine  
  54  4:33  Supply Depot  
  54  4:34  Refinery, SCV  
  54  4:36  Factory Reactor  
  54  4:37  SCV  
  57  4:46  SCV  
  57  4:48  Stimpack  
  57  4:49  SCV, Marine x2  
  57  4:50  Marine  
  62  4:53  Supply Depot  
  62  4:54  Terran Infantry Weapons Level 1  
  62  4:58  SCV  
  63  5:01  SCV  
  63  5:07  Refinery, Marine x3  
  64  5:11  SCV  
  64  5:13  Widow Mine  
  70  5:14  SCV  
  70  5:15  Supply Depot, Widow Mine  
  70  5:20  Supply Depot  
  73  5:21  Starport Reactor  
  73  5:22  Combat Shield  
  73  5:23  Marine  
  73  5:25  Marine  
  73  5:27  Marine  
  76  5:28  Marine  
  76  5:34  SCV  
  78  5:37  Widow Mine x2  
  78  5:38  SCV  
  78  5:42  Supply Depot  
  83  5:44  Marauder  
  83  5:45  Supply Depot  
  83  5:47  Marine, Marauder  
  83  5:57  Medivac  
  83  5:58  Medivac  
  83  6:03  Marine  
  84  6:05  Marine, Marauder, Widow Mine  
  84  6:08  Marauder, Widow Mine  
  91  6:12  SCV x2, Missile Turret  
  91  6:16  Supply Depot  
  93  6:21  Marine  
  93  6:23  Marine  
  95  6:26  Marauder  
  95  6:27  Medivac  
  95  6:28  Medivac, Concussive Shells  
  95  6:31  Widow Mine  
  101  6:37  Widow Mine  
  101  6:38  Marauder  
  105  6:41  Supply Depot  
  105  6:45  SCV x2  
  107  6:53  Command Center  
  106  7:04  Widow Mine x2  
  106  7:05  Marauder  
  106  7:06  Marine, Marauder  
  116  7:16  Marine  
  116  7:19  SCV x2  

Tags
 
Add a new tag
Caveats
  • Supply blocks, unpowered buildings, or Contaminate may cause inaccurate times.
  • Supply counts are checked every 10 seconds.